 Dungeon Crawl Stone Soup version 0.32-a0-329-ge6c31236d6 (webtiles) character file.

Game seed: 1818477094013007257

1393 Juicyj the Trooper (level 8, -2/62 (70) HPs)
             Began as a Mountain Dwarf Fighter on Feb 16, 2024.
             Was a Believer of Trog.
             Slain by a gnoll bouda
             ... wielding a +0 whip
              (6 damage)
             ... on level 6 of the Dungeon.
             The game lasted 00:07:57 (4907 turns).

Juicyj the Trooper (Mountain Dwarf Fighter)         Turns: 4907, Time: 00:07:57

HP:   -2/62 (70)    AC: 14    Str: 25    XL:     8   Next: 41%
MP:   8/8           EV:  7    Int: 12    God:    Trog [**....]
Gold: 411           SH:  5    Dex: 11    Spells: 7/7 levels left

rFire   . . .        l - +5 whip "Kibun" {drain, *Corrode Int+4 Dex+3}
rCold   . . .        c - +0 buckler
rNeg    . . .        q - +0 plate armour
rPois   .            (no helmet)
rElec   .            (no cloak)
rCorr   .            (no gloves)
SInv    .            (no boots)
Will    ++...        (no amulet) Stlth
                     (no ring)
HPRegen 1.30/turn    (no ring)
MPRegen 0.11/turn

%: corrode self (3%)
@: weakened, strong-willed, regenerating, heavily drained
A: runic magic, artefact enchanting, iridescent scales 1, strong 1, sturdy frame
1
a: Renounce Religion, Berserk, Trog's Hand


You were on level 6 of the Dungeon.
You worshipped Trog.
Trog was pleased with you.
You visited 1 branch of the dungeon, and saw 6 of its levels.

You collected 411 gold pieces.

Inventory:

Hand Weapons
 a - a +1 war axe
 l - the +5 whip "Kibun" (weapon) {drain, *Corrode Int+4 Dex+3}
   (You found it on level 4 of the Dungeon)

   Int+4:     It affects your intelligence (+4).
   Dex+3:     It affects your dexterity (+3).
   *Corrode:  It may corrode you when you take damage.
Missiles
 g - a throwing net (quivered)
Armour
 b - a +0 scale mail
 c - a +0 buckler (worn)
 q - a +0 plate armour (worn)
Talismans
 k - a blade talisman
Wands
 p - a wand of flame (29)
Scrolls
 e - a scroll of identify
 f - 2 scrolls of poison
 j - a scroll of enchant weapon
 m - a scroll of fog
 n - a scroll of revelation {unknown}
Potions
 d - 2 potions of might
 i - 2 potions of cancellation


   Skills:
 + Level 5.8 Fighting
 + Level 5.8(6.2) Axes
 + Level 3.4(5.1) Maces & Flails
 + Level 5.7 Armour
 + Level 5.7 Shields
 * Level 3.5 Shapeshifting


You had 7 spell levels left.
You didn't know any spells.
Your spell library contained the following spells:

 Spells                   Type           Power      Damage    Failure   Level
 Gell's Gravitas          Tloc           0%         N/A       89%         3
 Teleport Other           Tloc           0%         N/A       89%         3
 Dispersal                Tloc           0%         N/A       100%        6


Dungeon Overview and Level Annotations

Branches:
Dungeon (6/15)             Temple (0/1) D:5

Altars:
Fedhas
Trog


Innate Abilities, Weirdness & Mutations

Your spellcasting is much less encumbered by armour.
You can use scrolls of enchantment on lesser artefacts.
You are partially covered in iridescent scales. (AC +2)
Your muscles are strong. (Str +4, Int/Dex -1)
Your movements are slightly less encumbered by armour. (ER -2)


Message History

* * * LOW HITPOINT WARNING * * *
You hit Maggie but do no damage.
Maggie is almost dead.
The orc priest hits you but does no damage.
Maggie mumbles some strange words.
Maggie attempts to bespell you!
You are mesmerised by Maggie!
The gnoll bouda gazes fiercely through you!
You feel your attacks grow feeble. You block the gnoll's attack.
Your skin crawls.
You feel strong-willed. You block the gnoll bouda's attack.
Maggie hits you but does no damage.
You feel drained.
The orc priest hits you but does no damage.
The gnoll barely misses you.
You hit Maggie. You drain Maggie.
Maggie is almost dead.
Maggie gestures at you while chanting. The bolt of fire hits you!
* * * LOW HITPOINT WARNING * * *
The bolt of fire misses the gnoll.
The orc priest completely misses you.
The gnoll bouda hits you but does no damage.
The gnoll hits you from afar with a +3 spear.
* * * LOW HITPOINT WARNING * * *
Your skin crawls.
You feel strong-willed. You block the gnoll bouda's attack.
The orc priest hits you with a +0 club.
* * * LOW HITPOINT WARNING * * *
Maggie mumbles some strange words.
Maggie draws you further into her thrall.
You block the gnoll's attack.
You hit Maggie but do no damage. You drain Maggie.
You break out of your daze!
You kill Maggie!
Trog accepts your kill.
Trog appreciates your killing of a magic user.
The orc priest barely misses you.
The gnoll bouda hits you with a +0 whip.
You die...

..............#
#.#.#..
.######...#####
#..#... ##...#
###.#.#
#.).########.#.#
#......g...<.#..
##...#########..
#.#.# #..
...#######g#.#
#..
......)@.g)#.#
#..
#.....og.....#
###.##########
#.


You could see a gnoll bouda, an orc priest and 2 gnolls.

Vanquished Creatures
  Maggie (D:6)
  The ghost of zewo the Scratcher, an amateur FeCK of Xom (D:3)
  A black bear (D:5)
  2 ice beasts (D:5)
  4 ogres
  A centaur (D:5)
  A phantom (D:5)
  A gnoll bouda (D:5)
  2 iguanas (D:4)
  Terence (D:2)
  4 orc wizards
  Robin (D:3)
  11 gnolls
  5 adders
  A white imp (D:5)
  2 ufetubi (D:5)
  A dart slug (D:5)
  A ribbon worm (D:4)
  13 orcs
  3 bats
  3 endoplasms
  4 giant cockroaches
  13 goblins
  3 hobgoblins (D:3)
  A kobold (D:1)
  3 quokkas
  4 ball pythons
  4 rats
92 creatures vanquished.

Notes
Turn   | Place    | Note
-------+----------+-------------------------------------------
     0 | D:1      | Juicyj the Mountain Dwarf Fighter began the quest for the
                  | Orb.
     0 | D:1      | Reached XP level 1. HP: 19/19 MP: 1/1
   135 | D:1      | Reached XP level 2. HP: 20/26 MP: 2/2
   853 | D:2      | Noticed Terence
   867 | D:2      | Killed Terence
   868 | D:2      | Reached XP level 3. HP: 23/33 MP: 3/3
  1100 | D:2      | Reached XP level 4. HP: 40/40 MP: 4/4
  1424 | D:3      | Noticed Robin
  1433 | D:3      | Killed Robin
  1698 | D:3      | Reached XP level 5. HP: 36/46 MP: 5/5
  1727 | D:3      | Found a blossoming altar of Fedhas.
  1906 | D:3      | You fall into a shaft and drop 2 floors!
  1906 | D:5      | Entered Level 5 of the Dungeon
  2472 | D:4      | Identified the +4 whip "Kibun" {drain, *Corrode Int+4
                  | Dex+3}
  2790 | D:4      | Reached XP level 6. HP: 53/53 MP: 6/6
  3044 | D:3      | Found a faded altar of an unknown god.
  3192 | D:3      | Found a transporter.
  3195 | D:3      | Noticed zewo's ghost (amateur FeCK)
  3196 | D:3      | Identified the +0 dire flail "Zaarus Ruod" {drain, rPois
                  | Int+3 Stlth+}
  3197 | D:3      | Found a transporter.
  3305 | D:3      | Prayed at the altar of an unknown god.
  3305 | D:3      | Became a worshipper of Trog the Wrathful
  3305 | D:3      | Reached * piety under Trog
  3430 | D:3      | Gained mutation: Your muscles are strong. (Str +4, Int/Dex
                  | -1) [potion of mutation]
  3430 | D:3      | Gained mutation: Your movements are slightly less
                  | encumbered by armour. (ER -2) [potion of mutation]
  3430 | D:3      | Gained mutation: You are partially covered in iridescent
                  | scales. (AC +2) [potion of mutation]
  3600 | D:3      | Killed zewo's ghost
  3601 | D:3      | Reached skill level 1 in Maces & Flails
  3601 | D:3      | Reached skill level 1 in Shapeshifting
  3607 | D:3      | Reached skill level 5 in Fighting
  3607 | D:3      | Reached XP level 7. HP: 24/61 MP: 7/7
  3839 | D:5      | Reached skill level 5 in Armour
  3839 | D:5      | Reached skill level 5 in Shields
  3968 | D:5      | Found a staircase to the Ecumenical Temple.
  4051 | D:5      | Reached skill level 5 in Axes
  4100 | D:5      | Reached XP level 8. HP: 69/69 MP: 8/8
  4289 | D:5      | Reached ** piety under Trog
  4864 | D:6      | Noticed Maggie
  4905 | D:6      | HP: 3/62 [Maggie/bolt of fire (10)]
  4907 | D:6      | Killed Maggie
  4907 | D:6      | Slain by a gnoll bouda

Illustrated notes

Levels and vault maps discovered:
D:1:      kennysheep_arrival_forest, layout_basic,
          hangedman_abyss_or_decor_lesser_grid, minmay_pentomino_u4
D:2:      layout_basic, uniq_terence
D:3:      layout_loops_cross, amcnicky_altar_gilded, gammafunk_ghost_smash,
          hellmonk_ecumenical_altar_inner_sanctum, nicolae_figureground_sparkle,
          uniq_robin
D:4:      minmay_evil_eye, layout_loops_cross
D:5:      layout_basic, temple_hall
D:6:      layout_loops_ring, lightli_sewer_entry_pipes, uniq_maggie

Skill      XL: |  1  2  3  4  5  6  7  8 |
---------------+-------------------------+-----
Axes           | 3 4 5 |  5.8
Fighting       | 4 5 |  5.8
Shields        | 4 5 |  5.7
Armour         | 4 5 |  5.7
Maces & Flails | 1 2 3 |  3.4
Shapeshifting  | 2 3 |  3.5

Action                     |  1- 3 |  4- 6 |  7- 9 || total
---------------------------+-------+-------+-------++-------
  Melee: War axe           |    39 |   103 |       ||   142
         Whip              |       |    36 |   133 ||   169
  Throw: Throwing net      |       |     2 |       ||     2
 Invoke: Berserk           |       |     1 |       ||     1
         Trog's Hand       |       |       |     2 ||     2
    Use: Scroll            |     3 |     4 |     1 ||     8
         Potion            |     2 |     4 |       ||     6
 Armour: Scale mail        |    20 |   123 |       ||   143
         Plate armour      |       |    11 |   129 ||   140
  Dodge: Dodged            |    21 |    70 |    65 ||   156
  Block: Buckler           |     8 |    28 |    40 ||    76

Table legend: (Time is in decaauts)
 A = Elapsed time spent in this place.
 B = Non-inter-level travel time spent in this place.
 C = Inter-level travel time spent in this place.
 D = Time resting spent in this place.
 E = Time spent auto-exploring this place.
 F = Levels seen in this place.
 G = Mean time per level.
                   A        B        C        D        E       F      G
               +--------+--------+--------+--------+--------+-----+--------+
         Total |   4935 |   4548 |    387 |    353 |   3515 |   6 |  822.5 |
       Dungeon |   4935 |   4548 |    387 |    353 |   3515 |   6 |  822.5 |
               +--------+--------+--------+--------+--------+-----+--------+

Top non-repeatable levels by time:
     D:3: 1437 daAuts
     D:5: 1170 daAuts
     D:4: 874 daAuts
     D:1: 672 daAuts
     D:2: 648 daAuts
     D:6: 132 daAuts
